Cogmind - Beta 16 @@@ ROGUE MODE // 2025.11.14 @ 17:21:25 Player: ClassActJerk Result: Destroyed by Y-45 Defender with Heavy Assault Rifle Performance ------------- Evolutions (1) 500 Regions Visited (3) 600 Robots Destroyed (31) 155 Value Destroyed (554) 554 Prototype IDs (1) 20 Alien Tech Used (0) 0 Bonus (0) 0 TOTAL SCORE: 1829 Bonus ------- None Cogmind --------- Core Integrity 0/400 Matter 255/300 Energy 100/100 System Corruption 3% Temperature Cool (0) Movement Walking (330) Ox3 Location -9/Materials Parts ------- > --- POWER (1) -------- (None) > --- PROPULSION (2) --- Aluminum Leg > --- UTILITY (4) ------ Large Storage Unit Utility Shielding Sensor Drone Bay (17/20) > --- WEAPON (2) ------- Small Laser > --- INVENTORY (15) --- Ion Engine Mining Laser Peak State ------------ > --- POWER ------------ Ion Engine > --- PROPULSION ------- Light Treads > --- UTILITY ---------- Large Storage Unit Utility Shielding Light Armor Plating Sensor Drone Bay > --- WEAPON ----------- Assault Rifle Light Assault Rifle > --- INVENTORY -------- Medium Storage Unit Small Laser Mining Laser [Rating: 15] Favorites ----------- Power Ion Engine Engine Ion Engine Propulsion Light Treads Treads Light Treads Leg Aluminum Leg Utility Medium Storage Unit Device Improved Terrain Scanner Storage Medium Storage Unit Protection Utility Shielding Weapon Assault Rifle Energy Gun Small Laser Ballistic Gun Assault Rifle Launcher Grenade Launcher Special Weapon Mining Laser Build | -11 -10 -10 -9 ------- Run | Yrd Mat Min Mat Slots Evolved 2 | . . . 2 Power . | . . . . Propulsion . | . . . . Utility 2 | . . . 2 Weapon . | . . . . Parts Attached 28 | 8 3 . 17 Power 4 | 1 . . 3 Engine 4 | 1 . . 3 Core . | . . . . Reactor . | . . . . Propulsion 5 | 2 . . 3 Treads 4 | 2 . . 2 Leg 1 | . . . 1 Wheel . | . . . . Hover . | . . . . Flight . | . . . . Utility 11 | 3 1 . 7 Device 3 | 2 . . 1 Storage 3 | 1 1 . 1 Processor . | . . . . Hackware . | . . . . Protection 5 | . . . 5 Artifact . | . . . . Weapon 8 | 2 2 . 4 Energy Gun 1 | . . . 1 Energy Cannon . | . . . . Ballistic Gun 4 | 2 . . 2 Ballistic Cannon . | . . . . Launcher 2 | . 1 . 1 Special Weapon 1 | . 1 . . Impact Weapon . | . . . . Slashing Weapon . | . . . . Piercing Weapon . | . . . . Special Melee Weapon . | . . . . Unidentified Prototypes 1 | . . . 1 Parts Lost 17 | . 1 . 16 Power 2 | . . . 2 Propulsion 4 | . 1 . 3 Utility 5 | . . . 5 Weapon 6 | . . . 6 Highest Loss Streak 8 | . 1 . 8 To Critical Strikes . | . . . . Average Backups 5 | 2 7 9 4 Power . | 1 1 1 . Propulsion . | . . . . Utility 1 | . 2 4 1 Weapon 3 | 1 3 4 2 Tool/Special . | . . . . Unused Backups . | . . . . Power . | . . . . Propulsion . | . . . . Utility . | . . . . Weapon . | . . . . Tool/Special . | . . . . Average Slot Usage (%) 87 | . 92 85 82 Engine 12 | . 14 14 10 Treads 15 | . 21 14 10 Device 11 | . 14 14 8 Storage 12 | . 14 14 11 Protection 8 | . . . 19 Ballistic Gun 17 | . 18 14 17 Launcher 6 | . 7 14 4 Special Weapon 1 | . 2 . . Peak Build Rating 15 | 9 9 9 15 Average Rating 10 | 5 8 8 13 On Entrance 6 | . 9 8 9 Avg Prop Armor Cover (%) . | . . . . Naked Turns . | . . . . Heaviest Build 46 | 14 21 21 46 Greatest Support 40 | 40 40 20 40 Greatest Overweight (x) 13 | . 1 1 13 Average Overweight (x) . | . . 1 1 Largest Inventory Capacity 15 | 8 10 10 15 Average Capacity 10 | 7 9 10 13 Most Carried 10 | 5 10 10 10 Average Carried 5 | 2 7 9 4 Final Capacity 15 | 8 10 10 15 Final Carried 10 | 3 9 10 2 Class Distribution -------------------- 100% | Mutant Dominant Class ---------------- Mutant | -10/Materials Mutant | -10/Mines Mutant | -9/Materials Resources | -11 -10 -10 -9 ----------- Run | Yrd Mat Min Mat Matter Collected 929 | 329 124 92 384 Remotely . | . . . . Salvage Created 941 | 156 279 100 406 Parts 69 | 14 14 8 33 Haulers Intercepted . | . . . . Recyclers Shooed 5 | . . 4 1 Parts Field Recycled . | . . . . Retrieved Matter . | . . . . Parts Self-Destructed . | . . . . Prevented . | . . . . Parts Restored . | . . . . Kills | -11 -10 -10 -9 ------- Run | Yrd Mat Min Mat Combat Hostiles Destroyed 18 | . 7 . 11 Guns 12 | . 5 . 7 AOE 6 | . 2 . 4 Classes Destroyed 10 | 2 2 2 4 Worker 1 | . . 1 . Builder 3 | . . 1 2 Tunneler 4 | 4 . . . Recycler 4 | 1 1 1 1 Drone 1 | . . . 1 Watcher 1 | . . . 1 Swarmer 7 | . 3 . 4 Grunt 9 | . 4 . 5 Brawler 1 | . . . 1 Sentry 1 | . . . 1 Best Kill Streak 5 | 2 4 1 5 Combat Bots Only 4 | . 3 . 4 Max Kills in Single Turn 3 | 1 1 1 3 Gunslinging . | . . . . Exploded 2 | . 1 . 2 Melee . | . . . . Uniques/NPCs Destroyed . | . . . . Combat | -11 -10 -10 -9 -------- Run | Yrd Mat Min Mat Hostile Shots Fired 281 | . 38 . 243 Missed 73 | . 6 . 67 Hits 208 | . 32 . 176 Melee 4 | . . . 4 Projectile 204 | . 32 . 172 Critical Strikes 6 | . 1 . 5 Actively Blocked 2 | . . . 2 Damage Taken 2300 | . 328 . 1972 Core 424 | . 17 . 407 Absorbed by Shields . | . . . . Redirected to Shielding 84 | . . . 84 Core Remaining (%) 96 | 100 . 93 . Volleys Fired 128 | 16 31 22 59 Largest 2 | 2 2 1 2 Hottest 100 | 40 100 20 70 Shots Fired 206 | 28 52 22 104 Gun 192 | 28 44 22 98 Cannon . | . . . . Launcher 8 | . 2 . 6 Special 6 | . 6 . . Kinetic 189 | 28 44 22 95 Thermal 9 | . 6 . 3 Explosive 8 | . 2 . 6 Electromagnetic . | . . . . Robot Hit Streak 11 | 6 11 3 9 Robot Miss Streak 12 | 2 3 2 12 Penetration Max . | . . . . Secondary Targets . | . . . . Shots Hit Robots 114 | 17 33 12 52 Core Hits 52 | 5 16 4 27 Critical Kills 2 | . 1 . 1 Critical Parts Destroyed 2 | 1 . . 1 Critical Strikes 4 | 1 1 . 2 Destroy 4 | 1 1 . 2 Melee Attacks . | . . . . Impact . | . . . . Slashing . | . . . . Piercing . | . . . . Sneak Attacks . | . . . . Combat Hostiles . | . . . . Follow-up Attacks . | . . . . Damage Inflicted 1886 | 185 376 168 1157 Guns 1342 | 185 308 168 681 Cannons . | . . . . Explosions 544 | . 68 . 476 Melee . | . . . . Ramming . | . . . . Kinetic 1330 | 185 308 168 669 Thermal 12 | . . . 12 Explosive 544 | . 68 . 476 Electromagnetic . | . . . . Impact . | . . . . Slashing . | . . . . Piercing . | . . . . Highest Corruption 3 | . 1 1 3 Average Corruption 2 | . 1 1 2 Corruption Purged . | . . . . Corruption Blocked . | . . . . Effects 17 | . 1 1 15 Message Errors 2 | . . . 2 Matter Fused 4 | . . . 4 Heat Flow Errors 2 | . . 1 1 Energy Discharges 3 | . . . 3 Data Loss (minor) 2 | . 1 . 1 Data Loss (major) 1 | . . . 1 Misfires 2 | . . . 2 Alerts 1 | . . . 1 Overload Shots . | . . . . Overflow Damage 139 | . . . 139 Projectiles . | . . . . Explosions 139 | . . . 139 Melee . | . . . . Knockbacks . | . . . . Impact . | . . . . Kinetic . | . . . . Secondary . | . . . . Self-Inflicted Damage 120 | . . . 120 Shots 4 | . . . 4 Rammed . | . . . . Targets Rammed . | . . . . Kicked . | . . . . Crushed . | . . . . Highest Temperature 273 | . 40 273 173 Average Temperature 46 | . 12 126 49 Received Heat Transfer 552 | . 123 . 429 Siege Activations . | . . . . Martial Activations . | . . . . Shielding Activations . | . . . . Robots Disrupted . | . . . . Combat Hostiles . | . . . . Robots Corrupted . | . . . . Combat Hostiles . | . . . . Parts Fried . | . . . . Impact Corruptions . | . . . . Robots Melted . | . . . . Combat Hostiles . | . . . . Parts Melted . | . . . . Heat Transferred 25 | . . . 25 Parts Sabotaged . | . . . . Parts Stolen . | . . . . Parts Stripped . | . . . . Power Chain Reactions . | . . . . Alert | -11 -10 -10 -9 ------- Run | Yrd Mat Min Mat Maximum Alert Level . | . . . . Low Security (%) 100 | 100 100 100 100 Level 1 . | . . . . Level 2 . | . . . . Level 3 . | . . . . Level 4 . | . . . . Level 5 . | . . . . High Security . | . . . . Max Security . | . . . . Peak Influence 100 | 10 100 5 89 Initial . | . . . . Average 15 | . 20 . 18 Influence Increases 609 | 25 221 15 348 Destroy 0b10 Robot/C 360 | . 140 . 220 Destroy 0b10 Robot/NC 65 | 25 5 15 20 Destroy Leader 82 | . 30 . 52 Successful Hack 8 | . 8 . . Destroy Structure 64 | . 23 . 41 Lose Combat Pursuer 30 | . 15 . 15 Influence Decreases 586 | 25 221 15 325 Time Decay 492 | 25 220 15 232 Lost Part 91 | . 1 . 90 Lost Ally 3 | . . . 3 Squads Dispatched 3 | . 1 . 2 Investigation . | . . . . Extermination . | . . . . Reinforcement 3 | . 1 . 2 Assault . | . . . . Garrison . | . . . . Intercept . | . . . . Searches Triggered . | . . . . Construction Impeded . | . . . . Haulers Reinforced . | . . . . Active Scanning Responses . | . . . . Cargo Convoy Interrupts . | . . . . Stealth | -11 -10 -10 -9 --------- Run | Yrd Mat Min Mat Distress Signals 6 | . 1 . 5 Communications Jammed . | . . . . Distress Signals . | . . . . Times Spotted 38 | . 16 . 22 Peak Tracking Total 9 | . 4 . 9 Tactical Retreats 2 | . 1 . 1 Traps | -11 -10 -10 -9 ------- Run | Yrd Mat Min Mat Traps Triggered 1 | . 1 . . Indirectly . | . . . . Trap Hack Attempts . | . . . . Triggered . | . . . . Disarmed . | . . . . Reprogrammed . | . . . . Reused . | . . . . Traps Extracted . | . . . . Installed . | . . . . Triggered . | . . . . Machines | -11 -10 -10 -9 ---------- Run | Yrd Mat Min Mat Machines Disabled . | . . . . Max in Single Turn . | . . . . Machines Repaired . | . . . . Machines Dismantled . | . . . . Machines Sabotaged . | . . . . Overloaded Fab Kills . | . . . . Hacking | -11 -10 -10 -9 --------- Run | Yrd Mat Min Mat Machines Accessed 3 | . 1 1 1 Terminals 2 | . 1 . 1 Fabricators . | . . . . Repair Stations . | . . . . Recycling Units . | . . . . Scanalyzers . | . . . . Garrison Access . | . . . . Total Hacks 5 | . 3 1 1 Successful 2 | . 1 1 . Failed 3 | . 2 . 1 Catastrophic . | . . . . Database Lockouts . | . . . . Manual 5 | . 3 1 1 Terminals 4 | . 3 . 1 Fabricators . | . . . . Repair Stations . | . . . . Recycling Units . | . . . . Scanalyzers . | . . . . Garrison Access . | . . . . Terminal Hacks 2 | . 1 1 . Open Door 1 | . . 1 . Branch Access Points 1 | . 1 . . Fabricator Hacks . | . . . . Repair Station Hacks . | . . . . Recycling Unit Hacks . | . . . . Scanalyzer . | . . . . Garrison Access Hacks . | . . . . Unauthorized Hacks . | . . . . Terminals . | . . . . Fabricators . | . . . . Repair Stations . | . . . . Recycling Units . | . . . . Scanalyzers . | . . . . Garrison Access . | . . . . Data Cores Recovered . | . . . . Used . | . . . . Hacking Detections 1 | . 1 . . Full Trace Events 1 | . 1 . . Feedback Events . | . . . . Feedback Blocked . | . . . . Robot Schematics Acquired . | . . . . Robots Built . | . . . . Authchips . | . . . . Time . | . . . . Total Robot Build Rating . | . . . . Part Schematics Acquired . | . . . . Parts Built . | . . . . Authchips . | . . . . Time . | . . . . Total Part Build Rating . | . . . . Part Studies Acquired . | . . . . Parts Repaired . | . . . . Time . | . . . . Parts Recycled . | . . . . Recycled Matter . | . . . . Retrieved Matter . | . . . . Retrieved Components . | . . . . Parts Scanalyzed . | . . . . Part Schematics Acquired . | . . . . Parts Damaged . | . . . . Bothacking | -11 -10 -10 -9 ------------ Run | Yrd Mat Min Mat Used RIF Installer . | . . . . Robots Hacked . | . . . . Non-combat . | . . . . Combat . | . . . . Robot Hacks Applied . | . . . . Relay Couplers Released . | . . . . Fabnet Peak Effective % . | . . . . Robots Rewired . | . . . . Allies Hacked . | . . . . Hacks Repelled . | . . . . Allies | -11 -10 -10 -9 -------- Run | Yrd Mat Min Mat Total Allies . | . . . . Largest Group . | . . . . Highest-Rated Group . | . . . . Highest-Rated Ally . | . . . . Total Orders . | . . . . Ally Attacks . | . . . . Total Damage . | . . . . Kills . | . . . . Allies Corrupted . | . . . . Allies Melted . | . . . . Intel | -11 -10 -10 -9 ------- Run | Yrd Mat Min Mat Active Infowar (turns) 1444 | 123 953 317 51 Terrain 1323 | 2 953 317 51 Seismic 121 | 121 . . . Robot Analysis Total . | . . . . Derelict Logs Recovered . | . . . . Drone Launches 30 | . . . 30 Drone Recoveries 27 | . . . 27 Exploration | -11 -10 -10 -9 ------------- Run | Yrd Mat Min Mat Turns Passed 2565 | 273 953 317 1022 Spaces Moved 848 | 124 336 111 277 Core 24 | 17 . . 7 Treads 793 | 107 336 111 239 Legs 31 | . . . 31 Wheels . | . . . . Hover . | . . . . Flight . | . . . . Fastest Speed 50 | 50 160 240 160 Average Speed 218 | 144 182 240 285 Slowest Speed 700 | 160 240 240 700 Overloaded Moves . | . . . . Propulsion Burnouts . | . . . . Robots Hopped . | . . . . Potential Cave-ins . | . . . . Cave-ins Triggered . | . . . . Exploration Rate (%) 24 | 5 43 21 27 Regions Visited 3 Branch Regions 1 Pre-discovered Areas . | . . . . Known Exits Taken 1 | . 1 . . Unknown Exits Taken 2 | 1 . 1 . Scrap Searched 1 | . . 1 . Spaces Dug 6 | . 6 . . Terrain Destroyed 62 | . 25 . 37 Melee . | . . . . Projectile 6 | . 6 . . AOE 56 | . 19 . 37 Terrain Rammed . | . . . . Walls Destroyed . | . . . . Machines Disabled . | . . . . Actions | -11 -10 -10 -9 --------- Run | Yrd Mat Min Mat Total 1363 | 192 615 141 415 Wait 331 | 36 236 8 51 Move 845 | 123 335 110 277 Hop . | . . . . Pick Up 23 | 8 7 1 7 Fast Attach 4 | 3 . . 1 Attach 19 | 5 . . 14 Detach . | . . . . Swap 9 | . 5 . 4 Drop 4 | 1 1 . 2 Fire 128 | 16 31 22 59 Melee . | . . . . Ram . | . . . . Kick . | . . . . Crush . | . . . . Escape Stasis . | . . . . Rewire . | . . . . Trap . | . . . . Miscellaneous . | . . . . Route ------- -11/Scrapyard -10/Materials (discovered 3 exits: *Mat / *Min x2) -10/Mines -9/Materials (discovered 1 exit: [*Sto]) History --------- Turn | Location | Event 7 | -11/Scrapyard | Discovered new exit (range 16) 274 | -11/Scrapyard | Entered Materials 312 | -10/Materials | Build established: Mutant 494 | -10/Materials | Discovered new exit (range 12) 648 | -10/Materials | Identified exit to Mines 1227 | -10/Materials | Entered Mines 1321 | -10/Mines | Discovered new exit (range 11) 1504 | -10/Mines | Found the Drone Emporium 1519 | -10/Mines | Found Prototype Device 1544 | -10/Mines | Entered Materials 1544 | -9/Materials | Evolved 2 slots: Utility x2 1767 | -9/Materials | Core integrity fell below 50% 1813 | -9/Materials | Lost 8 parts (1p2n2u3w) 1831 | -9/Materials | Identified Sensor Drone Bay 2377 | -9/Materials | Core integrity fell below 20% 2529 | -9/Materials | Discovered new exit (range 14) 2566 | -9/Materials | Destroyed by Y-45 Defender with Heavy Assault Rifle Last Messages --------------- data lost. 02495_ K-01 Serf cleans the Processing Tank. 02513_ System corrupted: Matter fused (-5). 02529_ EXIT=FOUND 02548_ Lgt. Assault Rifle destroyed. 02551_ Destroyed Lgt. Ion Engine. 02551_ Lgt. Ion Engine destroyed. 02551_ Destroyed Lgt. Ion Engine. 02555_ U-05 Engineer lays Concrete. 02558_ Sensor Drone retrieved by Sensor Drone Bay (repair cost: 11). 02559_ U-05 Engineer lays Concrete. 02560_ Mni. Grenade Launcher destroyed. 02561_ U-05 Engineer lays Concrete. 02562_ U-05 Engineer builds a Door. 02562_ U-05 Engineer lays Concrete. 02565_ U-05 Engineer builds a Wall. 02565_ U-05 Engineer lays Concrete. 02566_ U-05 Engineer builds a Wall. Map ----- +----------------------------------------------------+ | ?????????????????????????????????????????????????? | | ?????????????????????????????????????????????????? | | ?????????????????????????????????????????????????? | | ?????????????????????????????????????????????????? | | ?????????????????????????????????????????????????? | | ?????????????????????????????????????????????????? | | ?????????????????????????????????????????????????? | | ?????????????????????????????????????????????????? | | ?????????????????????????????????????????????????? | | ?????????????????????????????????????????????????? | | ?????????????????????????????????????????????????? | | ?????????????????????????????????????????????????? | | ?????????????????????????????????????????????????? | | ?????????????????????????????????????????????????? | | ?????????????????????????????????????????????????? | | ?????????????????????????????????????????????????? | | ?????????????????????????????????????????????????? | | ?????????????????#???????????????????????????????? | | ?????????????????+ ????????????????????????????? | | ?????????????????# ????????????????????????????? | | ?????????????????# ????????????????????????????? | | ?????????????????+ ????????????????????????????? | | ?????????????????# ?#############??????????????? | | ????????????????## ## #??????????????? | | ???????? ##### u# #??????????????? | | ???????? @ #??????????????? | | ???????? < u Y #??????????????? | | ???????? #?????"""??????? | | ???????? ##### #??"" """??????? | | ????????????????## ###u##########?""" """??????? | | ?????????????????# ###u##???????? ? ??????? | | ??????????????#### ######### ?? ??????? | | ??????????????+ + ???? ??????? | | ??????????????#### #########?????#+#??????? | | ??????????????######### # # ###???# #???? ? | | ??????????????# # #*! #???# #???""" | | ??????????????# """"" + # ! =! #???# #???""" | | ??????????????# """"" # |!= #???# #??"""" | | ??????????????# """"" + # *! ###???# #?? | | ??????????????# # # [ ####?????# #? """" | | ??????????????# # ############### ## """" | | ??????????????# "" + + """" | | ??????????????# S"" ################## # | | ??????????????# "" #????????????????# ####### | | ??????????????#########????????????????# #?????? | | ?????????????###########???????????????# #?????? | | ?????????????# ! #######?????????# %#?????? | | ?????????????# """ # ########### ####### | | ?????????????# """"" # | | ?????????????# """"" + " = [ | +----------------------------------------------------+ Best States ------------- Heat Dissipation 28 Energy Generation 12 Energy Capacity 265 Matter Stores 300 Matter Capacity 300 Sight Range 16 Terrain Scan Range 16 Terrain Scan Density 10 Armor Coverage 150 Core Shielding 20 Utility Shielding 33 Weapon Shielding 33 Evasion (%) 50 Recoil Reduction 2 Item Schematics ----------------- None Robot Schematics ------------------ None Fabricated ------------ Nothing Repaired ---------- Nothing Studied --------- None Alien Tech Used ----------------- None Achievements -------------- None Challenges ------------ None Game ------ Seed KineticCentriumShockpuncher Manual? 0 Play Time 00:20:03 Cumulative 26.2 hours Start 2025.11.14 @ 17:04:35 End 2025.11.14 @ 17:21:25 Sessions 1 Manual Loads 0 Difficulty Rogue Special Mode None Game No. 80 Rogue 80 Adventurer 0 Explorer 0 Win Type - Total 0 Types 0/0/0/0/0/0/0/0/0/0 Lore% 7 Gallery% 21 Achievement% 17 Wizard Run 0 Options --------- Layout 1 ASCII 0 Keyboard 0 Movement Mouse Keybinds 0 Fullscreen 1 Font 24/Terminus Map View 50x35 Zoom Use 0% Tactical HUD 1 Map Filters NONE Filters NONE Steam 1 RUN: e7ee11f7-c7c6-4de5-a804-b2ca3ee6a4a2